[ PARTIDA AOE2 · #505828988 ]
UnrankedBirmanos vs Goths
Equipo del jugador · DERR
Equipo rival · VICT
[ ANÁLISIS DE REPETICIÓN · EXTRAÍDO DE LA PARTIDA GRABADA ]
Feudal
11:46
Castillos
18:57
Imperial
36:07
| APM promedio | 38.2 |
| APM pico | 80 |
| eAPM promedio | 22.2 |
| Aldeanos / militares | 219 / 197 |
Foco
⚔️ 27.0% · 🌾 73.0%
Arambai ×164 · Skirmisher ×10 · Monk ×9 · Bombard Cannon ×8 · Archer ×2 · Scorpion ×2
Feudal
14:30
Castillos
19:06
Imperial
37:54
| APM promedio | 52.8 |
| APM pico | 102 |
| eAPM promedio | 25.9 |
| Aldeanos / militares | 131 / 441 |
Foco
⚔️ 46.8% · 🌾 53.2%
Spearman ×325 · Huskarl ×55 · Cavalry Archer ×32 · Trebuchet (Packed) ×20 · Militia ×7 · Monk ×1
Mapa de la partida
Recursos iniciales + cada clic de construcción. Líneas = muros · curvas = relieve. ◆ oro · ⬟ piedra · ● bayas · ✦ reliquia · ◌ hueco del cierre
Tu base· ✓ Cerrada en 18:57 · 47t muro · sin puerta
Base de atom· ✓ Cerrada en 19:06 · 45t muro · sin puerta
Terreno inicial suavizado · ◌ = hueco del cierre detectado · pasá el cursor para detalles
Inputs por minuto
— Mario - - atom
Build order — Mario
Primeras 150 de 427 acciones detectadas
| 0:01 | Encolar | Villager (Male) |
| 0:01 | Encolar | Villager (Male) |
| 0:02 | Construir | House |
| 0:03 | Construir | House |
| 0:08 | Encolar | Villager (Male) |
| 0:09 | Encolar | Villager (Male) |
| 0:09 | Encolar | Villager (Male) |
| 1:29 | Encolar | Villager (Male) |
| 1:29 | Encolar | Villager (Male) |
| 1:50 | Encolar | Villager (Male) |
| 1:50 | Encolar | Villager (Male) |
| 2:24 | Construir | Lumber Camp |
| 2:25 | Encolar | Villager (Male) |
| 2:27 | Encolar | Villager (Male) |
| 3:16 | Encolar | Villager (Male) |
| 3:17 | Encolar | Villager (Male) |
| 3:50 | Encolar | Villager (Male) |
| 3:53 | Construir | House |
| 3:53 | Construir | House |
| 4:13 | Construir | House |
| 4:29 | Encolar | Villager (Male) |
| 4:39 | Construir | Mill |
| 4:54 | Encolar | Villager (Male) |
| 4:54 | Encolar | Villager (Male) |
| 5:21 | Construir | Palisade Wall |
| 5:26 | Encolar | Villager (Male) |
| 5:56 | Construir | Mill |
| 6:09 | Encolar | Villager (Male) |
| 6:17 | Encolar | Villager (Male) |
| 6:37 | Encolar | Villager (Male) |
| 6:55 | Construir | House |
| 7:15 | Encolar | Villager (Male) |
| 7:27 | Construir | Palisade Wall |
| 7:33 | Construir | Palisade Wall |
| 7:34 | Construir | Palisade Wall |
| 7:48 | Construir | Palisade Wall |
| 7:50 | Construir | Palisade Wall |
| 7:54 | Encolar | Villager (Male) |
| 8:14 | Encolar | Villager (Male) |
| 8:27 | Investigar | Loom |
| 8:31 | Encolar | Villager (Male) |
| 8:39 | Investigar | Loom |
| 8:51 | Construir | Mining Camp |
| 9:08 | Investigar | Feudal Age |
| 10:15 | Construir | House |
| 10:22 | Encolar | Villager (Male) |
| 10:24 | Construir | House |
| 10:54 | Construir | Palisade Wall |
| 10:57 | Construir | Palisade Wall |
| 11:29 | Encolar | Villager (Male) |
| 11:34 | Construir | House |
| 11:38 | Construir | House |
| 11:41 | Construir | Palisade Wall |
| 11:46 | Edad | Edad Feudal |
| 11:47 | Construir | House |
| 12:06 | Encolar | Villager (Male) |
| 12:08 | Construir | Barracks |
| 12:39 | Construir | Archery Range |
| 12:42 | Construir | Blacksmith |
| 13:29 | Encolar | Archer |
| 13:31 | Encolar | Villager (Male) |
| 13:51 | Encolar | Villager (Male) |
| 14:07 | Encolar | Villager (Male) |
| 14:14 | Investigar | Horse Collar |
| 14:17 | Construir | Farm |
| 14:18 | Construir | Farm |
| 14:20 | Construir | Farm |
| 14:32 | Construir | Farm |
| 14:36 | Construir | Farm |
| 14:41 | Encolar | Archer |
| 14:55 | Construir | House |
| 14:58 | Construir | Palisade Wall |
| 14:58 | Construir | Palisade Wall |
| 15:12 | Encolar | Villager (Male) |
| 15:16 | Construir | Farm |
| 16:00 | Construir | House |
| 16:17 | Investigar | Castle Age |
| 18:43 | Encolar | Villager (Male) |
| 18:43 | Encolar | Villager (Male) |
| 18:57 | Edad | Edad de los Castillos |
| 18:58 | Construir | Monastery |
| 19:01 | Construir | Town Center |
| 19:04 | Construir | Town Center |
| 19:21 | Encolar | Villager (Male) |
| 19:28 | Encolar | Monk |
| 19:47 | Construir | Palisade Gate |
| 19:49 | Construir | Mining Camp |
| 19:50 | Encolar | Villager (Male) |
| 19:59 | Encolar | Villager (Male) |
| 20:09 | Encolar | Monk |
| 20:10 | Encolar | Villager (Male) |
| 20:14 | Encolar | Villager (Male) |
| 20:17 | Construir | Farm |
| 20:37 | Encolar | Villager (Male) |
| 20:38 | Encolar | Villager (Male) |
| 20:39 | Construir | Farm |
| 20:44 | Encolar | Villager (Male) |
| 20:45 | Encolar | Villager (Male) |
| 20:45 | Encolar | Villager (Male) |
| 20:50 | Encolar | Monk |
| 20:51 | Encolar | Villager (Male) |
| 20:54 | Construir | Farm |
| 20:57 | Construir | Farm |
| 21:00 | Construir | Farm |
| 21:02 | Encolar | Villager (Male) |
| 21:05 | Construir | Farm |
| 21:07 | Encolar | Villager (Male) |
| 21:12 | Encolar | Monk |
| 21:33 | Construir | House |
| 21:40 | Encolar | Villager (Male) |
| 21:47 | Construir | House |
| 22:03 | Encolar | Villager (Male) |
| 22:03 | Encolar | Villager (Male) |
| 22:14 | Construir | Monastery |
| 22:18 | Encolar | Villager (Male) |
| 22:19 | Encolar | Villager (Male) |
| 22:30 | Construir | Lumber Camp |
| 22:31 | Encolar | Villager (Male) |
| 22:31 | Encolar | Villager (Male) |
| 22:34 | Construir | Farm |
| 22:34 | Construir | Farm |
| 22:50 | Investigar | Sanctity |
| 22:56 | Encolar | Villager (Male) |
| 22:56 | Encolar | Villager (Male) |
| 23:05 | Construir | House |
| 23:14 | Encolar | Villager (Male) |
| 23:14 | Encolar | Villager (Male) |
| 23:17 | Investigar | Fervor |
| 23:40 | Construir | Farm |
| 23:52 | Encolar | Villager (Male) |
| 23:53 | Encolar | Villager (Male) |
| 23:53 | Encolar | Villager (Male) |
| 23:57 | Encolar | Monk |
| 24:40 | Construir | Siege Workshop |
| 24:58 | Encolar | Villager (Male) |
| 24:59 | Encolar | Villager (Male) |
| 24:59 | Encolar | Villager (Male) |
| 25:17 | Encolar | Villager (Male) |
| 25:17 | Encolar | Villager (Male) |
| 25:22 | Encolar | Monk |
| 25:24 | Encolar | Monk |
| 25:44 | Encolar | Villager (Male) |
| 25:45 | Encolar | Villager (Male) |
| 25:48 | Encolar | Scorpion |
| 25:49 | Encolar | Scorpion |
| 25:51 | Construir | Farm |
| 25:52 | Construir | Farm |
| 25:53 | Construir | Farm |
| 26:02 | Encolar | Villager (Male) |
| 26:02 | Encolar | Villager (Male) |
Build order — atom
Primeras 150 de 616 acciones detectadas
| 0:01 | Encolar | Villager (Male) |
| 0:02 | Encolar | Villager (Male) |
| 0:02 | Encolar | Villager (Male) |
| 0:02 | Encolar | Villager (Male) |
| 0:04 | Construir | House |
| 0:05 | Construir | House |
| 1:30 | Encolar | Villager (Male) |
| 1:50 | Encolar | Villager (Male) |
| 2:01 | Construir | Lumber Camp |
| 2:27 | Encolar | Villager (Male) |
| 2:58 | Encolar | Villager (Male) |
| 2:59 | Encolar | Villager (Male) |
| 3:31 | Construir | House |
| 3:35 | Encolar | Villager (Male) |
| 4:01 | Construir | Mill |
| 4:08 | Construir | Mill |
| 4:12 | Encolar | Villager (Male) |
| 4:38 | Encolar | Villager (Male) |
| 4:49 | Encolar | Villager (Male) |
| 5:13 | Construir | House |
| 5:18 | Construir | Palisade Wall |
| 5:22 | Encolar | Villager (Male) |
| 5:44 | Encolar | Villager (Male) |
| 5:45 | Encolar | Villager (Male) |
| 6:14 | Construir | Barracks |
| 6:19 | Encolar | Villager (Male) |
| 6:26 | Encolar | Villager (Male) |
| 6:34 | Encolar | Villager (Male) |
| 7:03 | Construir | Mining Camp |
| 7:14 | Construir | House |
| 7:26 | Encolar | Militia |
| 7:26 | Encolar | Militia |
| 7:26 | Encolar | Militia |
| 7:30 | Encolar | Villager (Male) |
| 7:49 | Construir | Mill |
| 7:59 | Construir | House |
| 8:03 | Encolar | Militia |
| 8:19 | Encolar | Villager (Male) |
| 8:19 | Encolar | Villager (Male) |
| 8:20 | Encolar | Villager (Male) |
| 8:23 | Encolar | Militia |
| 8:34 | Construir | House |
| 8:42 | Encolar | Militia |
| 8:52 | Encolar | Villager (Male) |
| 9:01 | Encolar | Militia |
| 9:05 | Construir | House |
| 9:06 | Construir | House |
| 9:48 | Investigar | Loom |
| 9:50 | Encolar | Villager (Male) |
| 9:51 | Encolar | Villager (Male) |
| 9:53 | Construir | Farm |
| 10:36 | Encolar | Villager (Male) |
| 10:37 | Construir | Farm |
| 10:41 | Construir | House |
| 10:56 | Encolar | Villager (Male) |
| 10:58 | Encolar | Villager (Male) |
| 11:13 | Construir | Palisade Wall |
| 11:30 | Construir | Farm |
| 11:31 | Construir | Farm |
| 11:32 | Construir | Farm |
| 11:47 | Encolar | Villager (Male) |
| 12:03 | Investigar | Feudal Age |
| 12:03 | Investigar | Feudal Age |
| 12:13 | Construir | Mining Camp |
| 13:25 | Construir | Palisade Wall |
| 14:25 | Construir | Palisade Wall |
| 14:30 | Edad | Edad Feudal |
| 14:32 | Construir | Palisade Wall |
| 14:35 | Encolar | Villager (Male) |
| 14:38 | Construir | Market |
| 14:42 | Construir | Palisade Wall |
| 14:43 | Construir | Palisade Wall |
| 14:48 | Encolar | Villager (Male) |
| 14:55 | Construir | Stable |
| 15:04 | Encolar | Villager (Male) |
| 15:06 | Construir | House |
| 15:08 | Construir | House |
| 15:35 | Encolar | Villager (Male) |
| 15:50 | Construir | Farm |
| 16:11 | Encolar | Villager (Male) |
| 16:22 | Construir | Lumber Camp |
| 16:24 | Investigar | Castle Age |
| 16:50 | Investigar | Double-Bit Axe |
| 16:50 | Investigar | Double-Bit Axe |
| 17:03 | Construir | Archery Range |
| 17:12 | Construir | Archery Range |
| 17:39 | Investigar | Gold Mining |
| 17:48 | Construir | Blacksmith |
| 18:03 | Construir | Archery Range |
| 18:12 | Construir | Farm |
| 18:16 | Construir | Farm |
| 18:17 | Construir | Farm |
| 18:35 | Investigar | Fletching |
| 18:42 | Investigar | Horse Collar |
| 18:57 | Construir | Farm |
| 19:02 | Construir | House |
| 19:04 | Encolar | Villager (Male) |
| 19:06 | Edad | Edad de los Castillos |
| 19:07 | Encolar | Cavalry Archer |
| 19:07 | Encolar | Cavalry Archer |
| 19:07 | Encolar | Cavalry Archer |
| 19:10 | Encolar | Cavalry Archer |
| 19:17 | Construir | Palisade Gate |
| 19:25 | Construir | Palisade Gate |
| 19:28 | Encolar | Cavalry Archer |
| 19:29 | Encolar | Villager (Male) |
| 19:33 | Encolar | Cavalry Archer |
| 19:44 | Investigar | Bodkin Arrow |
| 19:52 | Encolar | Villager (Male) |
| 20:10 | Encolar | Villager (Male) |
| 20:38 | Encolar | Villager (Male) |
| 20:55 | Construir | Farm |
| 20:56 | Encolar | Cavalry Archer |
| 20:57 | Encolar | Cavalry Archer |
| 20:57 | Encolar | Cavalry Archer |
| 20:59 | Encolar | Villager (Male) |
| 21:15 | Encolar | Cavalry Archer |
| 21:15 | Encolar | Cavalry Archer |
| 21:22 | Encolar | Villager (Male) |
| 21:27 | Encolar | Cavalry Archer |
| 21:27 | Encolar | Cavalry Archer |
| 21:37 | Investigar | Padded Archer Armor |
| 21:51 | Encolar | Villager (Male) |
| 21:55 | Construir | Monastery |
| 22:03 | Encolar | Villager (Male) |
| 22:17 | Encolar | Cavalry Archer |
| 22:18 | Encolar | Cavalry Archer |
| 22:34 | Encolar | Scout Cavalry |
| 22:52 | Encolar | Villager (Male) |
| 22:53 | Encolar | Cavalry Archer |
| 22:54 | Encolar | Cavalry Archer |
| 22:54 | Encolar | Cavalry Archer |
| 23:03 | Construir | Town Center |
| 23:05 | Encolar | Villager (Male) |
| 23:14 | Encolar | Monk |
| 23:20 | Encolar | Villager (Male) |
| 23:32 | Encolar | Villager (Male) |
| 23:37 | Encolar | Cavalry Archer |
| 23:37 | Encolar | Cavalry Archer |
| 24:00 | Encolar | Cavalry Archer |
| 24:00 | Encolar | Cavalry Archer |
| 24:12 | Construir | House |
| 24:13 | Construir | House |
| 24:37 | Encolar | Villager (Male) |
| 24:42 | Encolar | Cavalry Archer |
| 24:42 | Encolar | Cavalry Archer |
| 24:54 | Encolar | Villager (Male) |
| 25:10 | Encolar | Villager (Male) |
| 25:12 | Encolar | Villager (Male) |
| 25:12 | Encolar | Villager (Male) |
Cronología de la partida
| 5:18 | atom · wall_segment Palisade Wall x1 |
| 5:21 | Mario · wall_segment Palisade Wall x5 |
| 6:14 | atom · first_building Barracks |
| 7:27 | Mario · wall_segment Palisade Wall x1 |
| 7:33 | Mario · wall_segment Palisade Wall x14 |
| 7:34 | Mario · wall_segment Palisade Wall x1 |
| 7:48 | Mario · wall_segment Palisade Wall x11 |
| 7:50 | Mario · wall_segment Palisade Wall x4 |
| 10:54 | Mario · wall_segment Palisade Wall x1 |
| 10:57 | Mario · wall_segment Palisade Wall x1 |
| 11:13 | atom · wall_segment Palisade Wall x1 |
| 11:41 | Mario · wall_segment Palisade Wall x1 |
| 11:46 | Mario · age_up feudal |
| 12:08 | Mario · first_building Barracks |
| 12:39 | Mario · first_building Archery Range |
| 13:25 | atom · wall_segment Palisade Wall x9 |
| 14:25 | atom · wall_segment Palisade Wall x11 |
| 14:30 | atom · age_up feudal |
| 14:32 | atom · wall_segment Palisade Wall x14 |
| 14:42 | atom · wall_segment Palisade Wall x4 |
| 14:43 | atom · wall_segment Palisade Wall x5 |
| 14:55 | atom · first_building Stable |
| 14:58 | Mario · wall_segment Palisade Wall x7 |
| 14:58 | Mario · wall_segment Palisade Wall x1 |
| 16:54 | atom · first_market_buy 100 wood |
| 16:56 | atom · first_market_sell 100 stone |
| 17:03 | atom · first_building Archery Range |
| 18:57 | Mario · age_up castle |
| 18:58 | Mario · first_building Monastery |
| 19:06 | atom · age_up castle |
| 21:55 | atom · first_building Monastery |
| 24:40 | Mario · first_building Siege Workshop |
| 32:02 | Mario · wall_segment Stone Wall x8 |
| 32:35 | Mario · first_market_buy 100 stone |
| 32:39 | Mario · first_building Castle |
| 33:23 | Mario · wall_segment Stone Wall x8 |
| 33:27 | atom · first_building Castle |
| 33:29 | Mario · wall_segment Stone Wall x7 |
| 33:59 | Mario · wall_segment Stone Wall x12 |
| 35:34 | Mario · wall_segment Stone Wall x8 |
| 35:36 | Mario · wall_segment Stone Wall x6 |
| 36:07 | Mario · age_up imperial |
| 37:35 | Mario · first_building Stable |
| 37:47 | Mario · wall_segment Stone Wall x8 |
| 37:52 | Mario · wall_segment Stone Wall x1 |
| 37:54 | atom · age_up imperial |
| 38:55 | Mario · first_market_sell 100 food |
| 45:50 | Mario · wall_segment Stone Wall x7 |
| 49:56 | Mario · resign |
[ ANÁLISIS IA · 1 CRÉDITO ]
¿Qué pasó realmente en esta partida?
Wolo.gg analiza cada decisión: build order, eco, micro, errores típicos por bracket. Análisis personalizado por WhatsApp o Discord en 30 segundos.
Guía civ
Birmanos
Perfil
Jugador #286096